 Dungeon Crawl Stone Soup version 0.30.1-3-gfc49f6343a (webtiles) character file.

Game seed: 218512178045789670

3 Wiggles the Chopper (level 1, -1/19 HPs)
             Began as a Minotaur Berserker on July 31, 2023.
             Was a Follower of Trog.
             Slain by a quokka (2 damage)
             ... on level 1 of the Dungeon.
             The game lasted 00:00:10 (19 turns).

Wiggles the Chopper (Minotaur Berserker)              Turns: 19, Time: 00:00:11

Health: -1/19      AC:  2    Str: 21    XL:     1   Next: 41%
Magic:  0/0        EV: 12    Int:  4    God:    Trog [*.....]
Gold:   0          SH:  0    Dex:  9    Spells: 0/0 levels left

rFire   . . .        a - +0 hand axe
rCold   . . .        (no shield)
rNeg    . . .        b - +0 animal skin
rPois   .            (helmet restricted)
rElec   .            (no cloak)
rCorr   .            (no gloves)
SInv    .            (no boots)
Will    .....        (no amulet)
Stlth   +            (no ring)
HPRegen 0.23/turn    (no ring)
MPRegen 0.07/turn

%: no passive effects
@: no status effects
A: horns 2, retaliatory headbutt
a: Renounce Religion, Berserk


You were on level 1 of the Dungeon.
You worshipped Trog.
Trog was aware of your devotion.
You visited 1 branch of the dungeon, and saw 1 of its levels.

Inventory:

Hand Weapons
 a - a +0 hand axe (weapon)
Armour
 b - a +0 animal skin (worn)
Scrolls
 c - a scroll of teleportation {unknown}


   Skills:
 - Level 3.6 Fighting
 + Level 3.9 Axes
 - Level 2.4 Armour
 - Level 2.1 Dodging


You couldn't memorise any spells.
You didn't know any spells.
Your spell library was empty.

Dungeon Overview and Level Annotations

Branches:
Dungeon (1/15)

Altars:


Innate Abilities, Weirdness & Mutations

You have a pair of horns on your head.
You reflexively headbutt those who attack you in melee.


Message History

Trog accepts your kill.
You hit the hobgoblin but do no damage.
You hear an angry hiss.
The hobgoblin barely misses you.
A kobold comes into view. It is wielding a +0 dagger.
A ball python comes into view.
A jackal comes into view.
You hit the hobgoblin.
The hobgoblin is moderately wounded.
The hobgoblin hits you but does no damage.
You barely miss the hobgoblin.
The hobgoblin is moderately wounded.
The hobgoblin misses you.
A kobold comes into view. It is wielding a +0 short sword.
The kobold shouts!
You hit the hobgoblin. Your headbutt misses the hobgoblin.
The hobgoblin is heavily wounded.
You closely miss the jackal. You barely miss the quokka.
You hear a shout!
The hobgoblin barely misses you.
An endoplasm comes into view.
The jackal bites you. The quokka bites you.
You closely miss the hobgoblin.
The hobgoblin is heavily wounded.
You barely miss the quokka. You closely miss the jackal.
The endoplasm quivers.
The jackal bites you. The hobgoblin hits you. The quokka barely misses you.
The jackal bites you.
A goblin comes into view. It is wielding a +0 dagger.
The hobgoblin barely misses you.
You are too injured to fight recklessly!
The hobgoblin attacks as you move away! The hobgoblin hits you.
* * * LOW HITPOINT WARNING * * *
The quokka attacks as you move away! The quokka closely misses you.
The jackal bites you.
* * * LOW HITPOINT WARNING * * *
The quokka barely misses you. The jackal attacks as you move away!
The jackal barely misses you. The jackal attacks as you move away!
The jackal barely misses you. The quokka attacks as you move away!
The quokka bites you.
You die...

....##......!..
..............$
......#..#..#..#
...J............
...............
.g.#K..........
#...lh†......
#..ghrh......
..##.#$#@...#..#
.......S[...#
....##..#...#
... ##'##.....#
. #8.8#..#..#
#♣<♣#...... ♣♣♣
...?.. ...>.
.?..


You could see an endoplasm, a quokka, 3 jackals, a hobgoblin, a goblin, a ball
python, a kobold and a frilled lizard.

Vanquished Creatures
  A bat (D:1)
  A jackal (D:1)
  A rat (D:1)
3 creatures vanquished.

Notes
Turn   | Place    | Note
-------+----------+-------------------------------------------
     0 | D:1      | Wiggles the Minotaur Berserker began the quest for the Orb.
     0 | D:1      | Reached XP level 1. HP: 19/19 MP: 0/0
    19 | D:1      | Slain by a quokka

Illustrated notes

Levels and vault maps discovered:
D:1:      saegor_arrival_simple_b, layout_rooms

Action                     || total
---------------------------++-------
  Melee: Hand axe          ||     9
 Armour: Animal skin       ||     7
  Dodge: Dodged            ||    15
